AoeStats
← matgodoy10

Hideout

509470427Analyzed
1v1 RM · 6d ago on Sep 26, 2026· 42m 29s· 2 players
Game mode
Random Map
Map size
Tiny (2 player)
Population
200
Speed
Normal
Resources
Standard
Victory
Conquest
Starting age
Dark Age
Ending age
Imperial Age
RankedLock teamsTeams togetherTeam positionsShared explorationLock speedFull tech treeHidden civsTurbo modeCheats
Victory
Defeat
🇨🇦 Bulgarians · Canada
1025
+16
🇨🇱 Lithuanians · Chile
1025
-16
matgodoy10
0:28 Loom
9:49 Feudal Age
13:51 Castle Age
12:16 Double-Bit Axe
15:14 Husbandry
15:24 Bloodlines
17:08 Loom
19:13 Horse Collar
21:00 Town Watch
21:54 Wheelbarrow
25:56 Bow Saw
30:18 Hand Cart
30:25 Scale Barding Armor
30:31 Forging
36:26 Imperial Age
34:18 Murder Holes
35:08 Hill Forts
36:27 Iron Casting
36:14 Chain Barding Armor
36:49 Heavy Plow
37:33 Conscription
37:39 Elite Leitis
39:10 Plate Barding Armor
39:27 Thumb Ring
38:44 Elite Skirmisher
40:15 Tower Shields
42:40 Chemistry
42:00 Ballistics
Renzler
6:37 Loom
9:04 Feudal Age
10:56 Arson
14:57 Double-Bit Axe
18:26 Horse Collar
23:23 Castle Age
23:43 Pikeman
24:34 Stone Mining
26:03 Wheelbarrow
25:41 Squires
29:08 Scale Mail Armor
29:18 Forging
30:10 Chain Mail Armor
32:15 Hand Cart
31:49 Gambesons
35:14 Imperial Age
34:30 Iron Casting
35:47 Stone Shaft Mining
35:03 Gold Mining
36:39 Plate Mail Armor
37:09 Blast Furnace
37:14 Bagains
36:48 Halberdier
37:47 Elite Skirmisher
39:50 Gold Shaft Mining
40:03 Conscription
41:23 Murder Holes
41:29 Elite Skirmisher
Connection lost

Rejoining the realm…

Still unreachable

The connection could not be restored.

Session expired

The server has moved on; the page needs a fresh start.